 Dungeon Crawl Stone Soup version 0.26-a0-665-gefeb406119 (webtiles) character file.

Game seed: 16500511502807182949

441 Ijustatesigmund the Sneak (level 6, -1/32 HPs)
             Began as a Spriggan Wanderer on Oct 14, 2020.
             Was an Initiate of Dithmenos.
             Slain by a worker ant (5 damage)
             ... on level 4 of the Dungeon.
             The game lasted 00:08:33 (4410 turns).

Ijustatesigmund the Sneak (Spriggan Wanderer)       Turns: 4410, Time: 00:08:33

Health: -1/32      AC:  3    Str: 13    XL:     6   Next: 71%
Magic:  0/7        EV: 21    Int: 14    God:    Dithmenos [......]
Gold:   195        SH:  8    Dex: 24    Spells: 5/5 levels left

rFire    . . .     SeeInvis +   a - +4 short sword
rCold    . . .     Faith    .   m - +1 buckler
rNeg     . . .     Spirit   +   d - +1 robe
rPois    .         Reflect  .   (helmet restricted)
rElec    .         Harm     .   (no cloak)
rCorr    .         Rampage  .   (gloves unavailable)
MR       +....                  (boots unavailable)
Stlth    ++++......             o - amulet of guardian spirit
HPRegen  0.10/turn              f - +6 ring of strength
MPRegen  0.10/turn              p - +6 ring of dexterity

@: very quick
A: very small, unfitting armour, see invisible, speed 3
a: Renounce Religion


You were on level 4 of the Dungeon.
You worshipped Dithmenos.
Dithmenos was noncommittal.
You visited 2 branches of the dungeon, and saw 5 of its levels.

You collected 195 gold pieces.

Inventory:

Hand Weapons
 a - a +4 short sword (weapon)
Armour
 d - a +1 robe (worn)
 m - a +1 buckler (worn)
Jewellery
 f - a +6 ring of strength (left hand)
 o - an amulet of guardian spirit (around neck)
 p - a +6 ring of dexterity (right hand)
Wands
 g - a wand of random effects (37)
Scrolls
 j - a scroll of fear
Potions
 b - 2 potions of curing
 c - a potion of flight
 e - a potion of magic
 h - a potion of heal wounds {unknown}
 k - a potion of cancellation {unknown}
 l - 2 potions of ambrosia {unknown}
 n - a potion of invisibility {unknown}


   Skills:
 - Level 2.9 Fighting
 - Level 4.3(4.4) Short Blades
   Level 1.0(2.2) Long Blades
 + Level 5.1 Dodging
 + Level 7.0 Stealth
 - Level 1.0 Shields
 + Level 0.1 Invocations
 - Level 1.3 Evocations


You had 5 spell levels left.
You didn't know any spells.
Your spell library contained the following spells:

 Spells                   Type           Power        Failure   Level
 Confusing Touch          Hex            #.......     80%         3
 Gell's Gravitas          Tloc           #.........   80%         3
 Petrify                  Tmut/Erth      #.......     99%         4
 Metabolic Englaciation   Hex/Ice        #.........   100%        5
 Yara's Violent Unravell  Hex/Tmut       #.........   100%        5


Dungeon Overview and Level Annotations

Branches:
Dungeon (4/15)             Temple (1/1) D:4

Altars:
Cheibriados
Dithmenos
Fedhas
Gozag
Hepliaklqana
Kikubaaqudgha
Makhleb
Nemelex Xobeh
Qazlal
Ru
Sif Muna
Trog
Uskayaw
Vehumet
Wu Jian
Xom
Yredelemnul
The Shining One


Innate Abilities, Weirdness & Mutations

You are very small and have problems with some larger weapons.
You are too small for most types of armour.
You have supernaturally acute eyesight. (SInv)
You cover ground extremely quickly.


Message History

You are too injured to fight recklessly!
You are too injured to fight recklessly!
You hit the worker ant.
The worker ant is almost dead.
The worker ant barely misses you.
You hit the worker ant.
The worker ant is almost dead.
The worker ant bites you. x2
* * * LOW HITPOINT WARNING * * *
You barely miss the worker ant.
The worker ant is almost dead.
The worker ant bites you!
* * * LOW HITPOINT WARNING * * *
You hit the worker ant.
The worker ant is almost dead.
You block the worker ant's attack.
You barely miss the worker ant.
The worker ant is almost dead.
The worker ant bites you.
You die...

.#.........# .... ##.#####.
.####...####.........####........
....[[)....'.........+.......####
.####(..####.........####...##
.....#.## ....... ##.## ..##.#.#
..... #.# ..##. .# .Z. #.# ..##.
.# #B#########.### ..#.. .#
#@##..........# #.#.. ##
#.##.######.#.# ...
######.##.#### #.#.# #.
#.....)....(.# #.#.#
#.##......##.# #.#.#
##...#.##.###.#.#
##.##..........# #.#############
#.#


You could see a worker ant and a centaur skeleton.

Vanquished Creatures
  An ogre (D:4)
  A phantom (D:4)
  A hound (D:4)
  An orc wizard (D:4)
  3 worker ants
  Robin (D:2)
  5 adders
  An ooze (D:2)
  A worm (D:4)
  3 leopard geckos (D:3)
  6 orcs
  2 ball pythons
  3 giant cockroaches
  9 goblins
  12 hobgoblins
  4 jackals (D:1)
  2 kobolds
  A quokka (D:3)
  5 bats
  9 frilled lizards
  4 rats
75 creatures vanquished.

Notes
Turn   | Place    | Note
-------+----------+-------------------------------------------
     0 | D:1      | Ijustatesigmund the Spriggan Wanderer began the quest for
                  | the Orb.
     0 | D:1      | Ijustatesigmund set off with the following items: a +2
                  | short sword, a +0 falchion, a potion of lignification, a +0
                  | robe, a +0 dagger
     0 | D:1      | Reached XP level 1. HP: 10/10 MP: 2/2
   252 | D:1      | Reached XP level 2. HP: 7/14 MP: 3/3
  1077 | D:2      | Noticed Robin
  1094 | D:1      | Reached XP level 3. HP: 12/18 MP: 4/4
  1185 | D:1      | Reached skill level 5 in Stealth
  1742 | D:2      | Killed Robin
  2591 | D:3      | Reached XP level 4. HP: 23/23 MP: 5/5
  3458 | D:4      | Reached XP level 5. HP: 26/26 MP: 6/6
  3483 | D:4      | Reached skill level 6 in Stealth
  3725 | D:4      | Noticed a phantom
  3850 | D:4      | Killed a phantom
  3850 | D:4      | Reached XP level 6. HP: 32/32 MP: 7/7
  4042 | D:4      | Found a staircase to the Ecumenical Temple.
  4053 | D:4      | Reached skill level 5 in Dodging
  4066 | D:4      | Reached skill level 7 in Stealth
  4082 | Temple   | Entered the Ecumenical Temple
  4282 | Temple   | Became a worshipper of Dithmenos the Shadowed
  4410 | D:4      | Slain by a worker ant

Illustrated notes

Levels and vault maps discovered:
D:1:      dpeg_arrival_arbitrary_c, layout_rooms
D:2:      layout_basic, uniq_robin
D:3:      layout_basic
D:4:      layout_loops_corners, minmay_temple_entry_grid, serial_shops, shop
Temple:   hc_temple_tempest_star

Skill      XL: |  1  2  3  4  5  6 |
---------------+-------------------+-----
Dodging        | 2 3 4 5 |  5.1
Stealth        | 5 6 7 |  7.0
Short Blades   | 3 4 |  4.3
Fighting       | 2 |  2.9
Long Blades    | |  1.0
Shields        | |  1.0
Invocations    | |  0.1
Evocations     | |  1.3

Action                   |  1- 3 |  4- 6 || total
-------------------------+-------+-------++-------
Melee: Short sword       |   161 |   117 ||   278
Evoke: Wand              |       |     3 ||     3
  Use: Scroll            |     7 |     6 ||    13
       Potion            |     1 |       ||     1
 Stab: Sleeping          |     8 |     7 ||    15
       Confused          |       |     2 ||     2
       Distracted        |       |     1 ||     1
Armor: Robe              |    23 |     1 ||    24
       Skin              |    10 |       ||    10
Dodge: Dodged            |   124 |    72 ||   196
Block: Buckler           |       |    30 ||    30

Table legend: (Time is in decaauts)
 A = Elapsed time spent in this place.
 B = Non-inter-level travel time spent in this place.
 C = Inter-level travel time spent in this place.
 D = Time resting spent in this place.
 E = Time spent auto-exploring this place.
 F = Levels seen in this place.
 G = Mean time per level.
                   A        B        C        D        E       F      G
               +--------+--------+--------+--------+--------+-----+--------+
         Total |   3501 |   3418 |     83 |   1306 |   1499 |   5 |  700.2 |
       Dungeon |   3336 |   3275 |     61 |   1306 |   1356 |   4 |  834.0 |
        Temple |    165 |    144 |     21 |      0 |    142 |   1 |  165.0 |
               +--------+--------+--------+--------+--------+-----+--------+

Top non-repeatable levels by time:
     D:1: 1321 daAuts
     D:2: 737 daAuts
     D:3: 690 daAuts
     D:4: 587 daAuts
  Temple: 165 daAuts
